 Dungeon Crawl Stone Soup version 0.28-a0-57-g271197699b (webtiles) character file.

Game seed: 18407305394938423987

501 PentaManta the Grappler (level 7, -1/57 HPs)
             Began as a Ghoul Monk on July 30, 2021.
             Was a Believer of Wu Jian.
             Slain by a wraith (3 damage)
             ... on level 4 of the Dungeon.
             The game lasted 00:09:57 (4536 turns).

PentaManta the Grappler (Ghoul Monk)                Turns: 4536, Time: 00:09:59

Health: -1/57      AC: 10    Str: 17    XL:     7   Next: 17%
Magic:  0/6        EV:  7    Int:  5    God:    Wu Jian [**....]
Gold:   204        SH:  0    Dex: 11    Spells: 6/6 levels left

rFire   . . .      SeeInvis .     - Unarmed
rCold   + . .      Faith    .   (no shield)
rNeg    + + +      Spirit   +   m - +0 chain mail
rPois   ∞          Reflect  .   t - +1 helmet
rElec   .          Harm     .   (no cloak)
rCorr   .          Rampage  .   (no gloves)
Will    .....                   (no boots)
Stlth   ..........              x - amulet of guardian spirit
HPRegen 0.00/turn               (no ring)
MPRegen 0.10/turn               (no ring)

@: weak-willed, inhibited regen, slowed, very slow
A: claws 1, cold resistance 1, negative energy resistance 3, inhibited
regeneration, torment resistance 2
a: Renounce Religion, Wall Jump


You were on level 4 of the Dungeon.
You worshipped Wu Jian.
Wu Jian was pleased with you.
You visited 2 branches of the dungeon, and saw 6 of its levels.

You collected 204 gold pieces.

Inventory:

Armour
 a - a +0 robe
 j - a +0 pair of gloves
 l - a +0 ring mail
 m - a +0 chain mail (worn)
 t - a +1 helmet (worn)
Jewellery
 x - an amulet of guardian spirit (around neck)
Wands
 e - a wand of iceblast (3)
Scrolls
 c - a scroll of identify
 g - 2 scrolls of silence
 k - a scroll of acquirement {unknown}
 q - a scroll of fear
 r - a scroll of enchant weapon {unknown}
 u - a scroll of magic mapping {unknown}
 y - a scroll of noise {unknown}
Potions
 b - a potion of brilliance {unknown}
 d - a potion of ambrosia
 f - a potion of attraction {unknown}
 h - a potion of flight {unknown}
 i - a potion of haste {unknown}
 o - 3 potions of curing {unknown}
 p - a potion of cancellation {unknown}
 s - a potion of mutation {unknown}
 v - a potion of degeneration {unknown}
 w - 2 potions of might {unknown}


   Skills:
 - Level 3.2 Fighting
 - Level 2.6 Dodging
 - Level 2.1 Stealth
 + Level 8.7 Unarmed Combat


You had 6 spell levels left.
You didn't know any spells.
Your spell library contained the following spells:

 Spells                   Type           Power      Damage    Failure   Level
 Stone Arrow              Conj/Erth      0%         3d7       100%        3
 Bolt of Magma            Conj/Fire/Erth 0%         4d4       100%        5
 Shatter                  Erth           0%         3d5*      100%        9


Dungeon Overview and Level Annotations

Branches:
Dungeon (5/15)             Temple (1/1) D:4

Altars:
Ashenzari
Cheibriados
Dithmenos
Gozag
Hepliaklqana
Kikubaaqudgha
Nemelex Xobeh
Trog
Uskayaw
Vehumet
Wu Jian
Yredelemnul
Zin
The Shining One

Shops:
D:4 [

Annotations:
D:2 1 exclusion
D:4 2 transporters


Innate Abilities, Weirdness & Mutations

You thrive by killing the living.
You are immune to poison.
You have sharp fingernails.
Your flesh is cold resistant. (rC+)
You are immune to negative energy. (rN+++)
You do not regenerate when monsters are visible.
You are immune to unholy pain and torment.


Message History

The wraith hits you!
* * * LOW HITPOINT WARNING * * *
Aiming: Wall Jump
Press: ? - help, Dir - move target You repeatedly attack the jackal from above.
You claw the jackal!
You kill the jackal!
The Council accepts your kill. The wraith hits you!
* * * LOW HITPOINT WARNING * * *
The wraith drains your vigour!
You feel as though you will be slow longer.
The wraith hits you.
* * * LOW HITPOINT WARNING * * *
Okay, then.
It was a potion of ambrosia.
You are confused.
You feel invigorated. The wraith hits you but does no damage.
You feel less invigorated.
You feel less confused. The wraith closely misses you. The wraith hits you.
* * * LOW HITPOINT WARNING * * *
The wraith drains your vigour!
You feel as though you will be slow longer.
The wraith hits you.
* * * LOW HITPOINT WARNING * * *
As you read the scroll labelled JYASOA DUKOG, it crumbles to dust.
You assume a fearsome visage.
The wraith is unaffected.
It was a scroll of fear.
The wraith hits you.
* * * LOW HITPOINT WARNING * * *
The wraith drains your vigour!
You feel as though you will be slow longer.
As you read the scroll labelled QUSCHI COD HOPN, it crumbles to dust.
Magic quickly surges around you.
It was a scroll of vulnerability.
The wraith hits you!
* * * LOW HITPOINT WARNING * * *
The wraith drains your vigour!
You feel as though you will be slow longer.
The wraith hits you.
You die...

...#.#.#.#.#..#####
####.#...#.#..#
...#.#<..#.#..#
.#.#.#.....##.########
.#.#.#........>......###
+#.#.#.#######.#†......#
...#.#.#.............#.#
...#...#.#####.#W#.#.#.#
.).###(#.# #.#@#.###.#
#....#.#.# #.#.#.....#
#.##.#.#.# #.#.#.######
#.##.#.#.# #.#........#
#.##.#.#.# #.###.####.#
#.##.#.#.# #..........#
..##.#.#.#
#####.##########
..##.#.#.# #.#........#
..##.#.#.# #.#.#####.##


You could see a wraith (weak-willed).

Vanquished Creatures
  Grinder (D:3)
  Jessica (D:3)
  Natasha (thrice) (D:2)
  A scorpion zombie (D:4)
  A hound skeleton (D:4)
  Robin (D:3)
  5 adders
  3 worms (D:2)
  2 dart slugs
  An orc (D:3)
  5 bats
  6 endoplasms
  3 giant cockroaches
  17 goblins
  9 hobgoblins
  10 jackals
  A quokka (D:3)
  6 ball pythons
  6 frilled lizards
  7 kobolds
  6 rats
95 creatures vanquished.

Notes
Turn   | Place    | Note
-------+----------+-------------------------------------------
     0 | D:1      | PentaManta the Ghoul Monk began the quest for the Orb.
     0 | D:1      | Reached XP level 1. HP: 19/19 MP: 0/0
   195 | D:1      | Reached XP level 2. HP: 26/26 MP: 1/1
   328 | D:1      | Reached skill level 4 in Unarmed Combat
   645 | D:1      | Found a faded altar of an unknown god.
   693 | D:1      | Reached XP level 3. HP: 26/31 MP: 2/2
  1000 | D:2      | Noticed Natasha
  1007 | D:2      | Killed Natasha
  1008 | D:2      | Reached skill level 5 in Unarmed Combat
  1239 | D:2      | Reached XP level 4. HP: 34/38 MP: 3/3
  1562 | D:2      | Noticed Natasha
  1566 | D:2      | Killed Natasha
  1614 | D:2      | Noticed Natasha
  1631 | D:2      | Killed Natasha
  1632 | D:2      | Reached skill level 6 in Unarmed Combat
  1632 | D:2      | Reached XP level 5. HP: 33/45 MP: 4/4
  2108 | D:3      | Noticed Robin
  2149 | D:3      | Killed Robin
  2478 | D:3      | Found a hazy altar of Hepliaklqana.
  2515 | D:3      | Noticed Jessica
  2521 | D:3      | Killed Jessica
  2554 | D:3      | Reached skill level 7 in Unarmed Combat
  2579 | D:3      | Noticed Grinder
  2586 | D:3      | Paralysed by Grinder for 2 turns
  2599 | D:3      | Paralysed by Grinder for 3 turns
  2872 | D:3      | Paralysed by Grinder for 2 turns
  2882 | D:3      | Killed Grinder
  2883 | D:3      | Reached skill level 8 in Unarmed Combat
  2883 | D:3      | Reached XP level 6. HP: 33/51 MP: 5/5
  3088 | D:3      | Reached XP level 7. HP: 55/57 MP: 6/6
  3222 | D:4      | Found a transporter.
  3251 | D:4      | Found a transporter.
  3540 | D:4      | Found a bloodstained altar of Trog.
  3865 | D:4      | Found a staircase to the Ecumenical Temple.
  3897 | D:4      | Found Yziymmy's Antique Armour Emporium.
  3932 | Temple   | Entered the Ecumenical Temple
  4146 | Temple   | Became a worshipper of the Wu Jian Council
  4146 | Temple   | Reached * piety under Wu Jian
  4146 | Temple   | Reached ** piety under Wu Jian
  4512 | D:5      | Entered Level 5 of the Dungeon
  4512 | D:5      | Noticed a wraith
  4536 | D:4      | HP: 2/57 [wraith (5)]
  4536 | D:4      | Slain by a wraith

Illustrated notes

Levels and vault maps discovered:
D:1:      co_arrival_hall_of_pillars, layout_basic,
          hellmonk_ecumenical_altar_heavens_door, minmay_tetromino_o4
D:2:      minmay_chambers_of_twos, layout_basic, minmay_misc_feat_plants,
          minmay_statues_item, uniq_natasha
D:3:      layout_loops_ring, nicolae_hepliaklqana_hippocampus, uniq_grinder,
          uniq_jessica, uniq_robin
D:4:      gammafunk_wand_slinger, layout_basic, trog_three_pillars_becter,
          minmay_temple_entry_sparse_star, serial_shops, shop
D:5:      layout_cave_pools, mainiacjoe_overflow_alcove_4,
          serial_bayou_crossing, uniq_prince_ribbit1
Temple:   hc_temple_tempest_star

Skill      XL: |  1  2  3  4  5 |
---------------+----------------+-----
Unarmed Combat | 4 5 6 8 |  8.7
Fighting       | |  3.2
Dodging        | |  2.6
Stealth        | |  2.1

Action                   |  1- 3 |  4- 6 |  7- 9 || total
-------------------------+-------+-------+-------++-------
Melee: Unarmed           |    75 |   153 |    33 ||   261
       Punch             |     1 |     3 |       ||     4
Invok: Whirlwind         |       |       |     1 ||     1
 Abil: Wall Jump         |       |       |     1 ||     1
  Use: Scroll            |       |     2 |     2 ||     4
       Potion            |       |       |     1 ||     1
 Stab: Sleeping          |     3 |     1 |       ||     4
Armor: Robe              |    13 |       |       ||    13
       Ring mail         |     5 |    40 |       ||    45
       Chain mail        |       |     7 |    27 ||    34
Dodge: Dodged            |    40 |    64 |    18 ||   122

Table legend: (Time is in decaauts)
 A = Elapsed time spent in this place.
 B = Non-inter-level travel time spent in this place.
 C = Inter-level travel time spent in this place.
 D = Time resting spent in this place.
 E = Time spent auto-exploring this place.
 F = Levels seen in this place.
 G = Mean time per level.
                   A        B        C        D        E       F      G
               +--------+--------+--------+--------+--------+-----+--------+
         Total |   4531 |   4237 |    294 |    327 |   3220 |   6 |  755.2 |
       Dungeon |   4305 |   4011 |    294 |    327 |   3034 |   5 |  861.0 |
        Temple |    226 |    226 |      0 |      0 |    186 |   1 |  226.0 |
               +--------+--------+--------+--------+--------+-----+--------+

Top non-repeatable levels by time:
     D:3: 1248 daAuts
     D:2: 1046 daAuts
     D:4: 1011 daAuts
     D:1: 990 daAuts
  Temple: 226 daAuts
     D:5: 7 daAuts
